 Dungeon Crawl Stone Soup version 0.22.1-1-ga44c0e5 (webtiles) character file.

18 Folque the Digger (level 2, 0/18 HPs)
             Began as an Octopode Earth Elementalist on Oct 6, 2018.
             Killed from afar by a dart slug (6 damage)
             ... with a slug dart
             ... on level 1 of the Dungeon.
             The game lasted 00:01:09 (537 turns).

Folque the Digger (Octopode Earth Elementalist)      Turns: 537, Time: 00:01:10

Health: 0/18       AC:  1    Str:  7    XL:     2   Next: 66%
Magic:  5/5        EV: 13    Int: 17    God:
Gold:   3          SH:  0    Dex: 12    Spells: 2/5 levels left

rFire    . . .     SeeInvis .   (no weapon)
rCold    . . .     Gourm    .   (no shield)
rNeg     . . .     Faith    .   (helmet restricted)
rPois    .         Spirit   .   (no amulet)
rElec    .         Reflect  .   (no ring)
rCorr    .         Harm     .   (no ring)
MR       .....                  (no ring)
Stlth    +++.......             (no ring)
HPRegen  0.06/turn              (no ring)
MPRegen  0.09/turn              (no ring)
                                (no ring)
                                (no ring)

@: no status effects
A: almost no armour, stealthy swim, amphibious, 8 rings, constrict 8, camouflage
1, gelatinous body 1
a: no special abilities


You were on level 1 of the Dungeon.
You were not hungry.

You visited 1 branch of the dungeon, and saw 1 of its levels.

You collected 3 gold pieces.

Inventory:

Missiles
 b - 28 stones (quivered)
 d - 11 sling bullets
Scrolls
 e - a scroll of identify {unknown}
Comestibles
 a - 3 chunks of flesh
 c - 2 rations


   Skills:
 + Level 0.8 Fighting
 - Level 2.0 Dodging
 - Level 2.6 Stealth
 + Level 2.2 Spellcasting
 - Level 1.0 Transmutations
 * Level 3.5 Earth Magic


You had 2 spell levels left.
You knew the following spells:

 Your Spells              Type           Power        Failure   Level  Hunger
a - Sandblast             Erth           ##....       4%          1    #......
b - Passwall              Tmut/Erth      #.......     12%         2    ###....

Your spell library contained the following spells:

 Spells                   Type           Power        Failure   Level  Hunger
 Stone Arrow              Conj/Erth      #.....       28%         3    ###....
 Petrify                  Tmut/Erth      #.......     58%         4    #####..
 Lee's Rapid Deconstruct  Erth           ##........   77%         5    ######.


Dungeon Overview and Level Annotations

Branches:
Dungeon (1/15)

Altars:


Innate Abilities, Weirdness & Mutations

You cannot wear most types of armour.
You are very stealthy in the water. (Stealth+)
You are amphibious.
You can wear up to eight rings at the same time.
You can use your tentacles to constrict eight enemies at once.
Your skin changes colour to match your surroundings (Stealth+).
Your rubbery body absorbs attacks. (AC +1, EV +1)


Message History

The hobgoblin is almost dead.
You constrict the hobgoblin.
You kill the hobgoblin!
You tentacle-slap the dart slug. You grab the dart slug.
The dart slug is lightly wounded.
You constrict the dart slug. You tentacle-slap the dart slug.
The dart slug is moderately wounded.
You constrict the dart slug. The dart slug launches a dart at you.
The slug dart hits you!
You tentacle-slap the dart slug. You squeeze the dart slug.
The dart slug is heavily wounded.
You constrict the dart slug. The dart slug closely misses you.
You tentacle-slap the dart slug.
The dart slug is severely wounded.
You constrict the dart slug. The dart slug launches a dart at you.
The slug dart hits you!
You die...

######
##............######.#
......
................# #
....
..............########
.#######
#....................
.......[
##............##...###
.######
#.............##...#
.# .....#.########...#
.## ####.#..# #...#
..# #@...# #...# #.##
#w##..# ##### #..#


.Kl #..# ##.# ....# #..# ##.## ##.#. #..# ....# ..#$) ..## ###.# .#.## ### # ..#
# # #.# You could see a dart slug, a kobold and a frilled lizard.

Vanquished Creatures
  An ooze (D:1)
  A dart slug (D:1)
  2 giant cockroaches (D:1)
  A goblin (D:1)
  A hobgoblin (D:1)
  2 frilled lizards (D:1)
  A kobold (D:1)
  4 rats (D:1)
13 creatures vanquished.

Vanquished Creatures (others)
  4 toadstools (D:1)
4 creatures vanquished.

Grand Total: 17 creatures vanquished

Notes
Turn   | Place    | Note
-------+----------+-------------------------------------------
     0 | D:1      | Folque the Octopode Earth Elementalist began the quest for
                  | the Orb.
     0 | D:1      | Reached XP level 1. HP: 11/11 MP: 3/3
   376 | D:1      | Reached XP level 2. HP: 18/18 MP: 1/5
   380 | D:1      | Learned a level 2 spell: Passwall
   537 | D:1      | Killed from afar by a dart slug

Action                   || total
-------------------------++-------
Melee: Unarmed           ||    38
       Constrict         ||    13
       Tentacles         ||     7
 Cast: Sandblast         ||     2
 Stab: Sleeping          ||     5
Armor: Skin              ||     2
Dodge: Dodged            ||    13
